 Dungeon Crawl Stone Soup version 0.25-a0-782-g655279ceaa (webtiles) character file.

Game seed: 17198328746936310537, levelgen mode: deterministic

38 tilp the Bolt Thrower (level 3, -1/20 HPs)
             Began as a Kobold Arcane Marksman on Apr 17, 2020.
             Slain by a shadow imp (4 damage)
             ... summoned by Natasha
             ... on level 2 of the Dungeon.
             The game lasted 00:04:19 (1403 turns).

tilp the Bolt Thrower (Kobold Arcane Marksman)      Turns: 1403, Time: 00:04:20

Health: -1/20      AC:  2    Str:  8    XL:     3   Next: 65%
Magic:  4/4        EV: 14    Int: 14    God:
Gold:   81         SH:  5    Dex: 15    Spells: 3/4 levels left

rFire    . . .     SeeInvis .   a - +0 hand crossbow
rCold    . . .     Gourm    .   h - +0 buckler (curse)
rNeg     . . .     Faith    .   e - +0 robe
rPois    .         Spirit   .   (no helmet)
rElec    .         Reflect  .   (no cloak)
rCorr    .         Harm     .   (no gloves)
MR       .....                  (no boots)
Stlth    +.........             (no amulet)
HPRegen  0.06/turn              (no ring)
MPRegen  0.09/turn              (no ring)

@: slowed, very slow
A: small, carnivore
a: no special abilities


You were on level 2 of the Dungeon.
You were very full.

You visited 1 branch of the dungeon, and saw 2 of its levels.

You collected 81 gold pieces.

Inventory:

Hand Weapons
 a - a +0 hand crossbow (weapon)
 b - a +0 dagger
Missiles
 d - 37 bolts (quivered)
Armour
 e - a +0 robe (worn)
 h - a cursed +0 buckler (worn)
Scrolls
 l - a scroll of immolation {unknown}
 n - a scroll of identify {unknown}
 o - a scroll of fear {unknown}
Potions
 f - a potion of ambrosia {unknown}
 g - a potion of haste {unknown}
 i - a potion of brilliance {unknown}
 j - a potion of degeneration {unknown}
 k - a potion of curing {unknown}
 p - a potion of resistance {unknown}
 q - 2 potions of stabbing {unknown}
Comestibles
 c - a ration
 m - a chunk of flesh


   Skills:
 - Level 1.1 Fighting
 + Level 4.0 Crossbows
 - Level 2.4 Dodging
 + Level 1.1 Shields
 - Level 1.1 Spellcasting
 - Level 3.0 Hexes


You had 3 spell levels left.
You knew the following spells:

 Your Spells              Type           Power        Failure   Level  Hunger
a - Corona                Hex            #......      12%         1    ##.....

Your spell library contained the following spells:

 Spells                   Type           Power        Failure   Level  Hunger
 Slow                     Hex            #.......     17%         2    ###....
 Inner Flame              Hex/Fire       #.......     54%         3    ####...
 Portal Projectile        Hex/Tloc       #.....       54%         3    ####...
 Cause Fear               Hex            #.........   75%         4    #####..
 Leda's Liquefaction      Hex/Erth       #.........   91%         4    #####..


Dungeon Overview and Level Annotations

Branches:
Dungeon (2/15)

Altars:

Annotations:
D:2 Natasha


Innate Abilities, Weirdness & Mutations

You are small and have problems with some larger weapons.
You are carnivorous and can eat meat at any time.


Message History

The magic dart hits you!
* * * LOW HITPOINT WARNING * * *
Unknown command.
Firing (i - inventory)
d - 39 bolts (quivered)
Press: ? - help, Shift-Dir - straight line, f/p - Natasha
Aim: Natasha (moderately wounded)
You shoot a bolt.
The bolt hits Natasha but does no damage.
Natasha is moderately wounded.
The shadow imp picks up a beetle and eats it.
The shadow imp completely misses you. The shadow imp hits you.
* * * LOW HITPOINT WARNING * * *
Natasha closely misses you.
Firing (i - inventory)
d - 38 bolts (quivered)
Press: ? - help, Shift-Dir - straight line, f/p - Natasha
Aim: Natasha (moderately wounded)
You shoot a bolt. The bolt hits Natasha.
Natasha is severely wounded.
The shadow imp hits you.
You die...

...#.>#.#...............
..........##......##..###
...#>.#.#.##.#...###..#
#.#.#.#.##.##.## #.... ..
. #......#### ..## ##
######.#### #......(.#
#........# ##.
#......#@###.....
.....#..5h.......?
.#..%...#(###.....
#......#.# #.. #......(.#
#.#..#(### # ##.#. # #(
..


You could see Natasha and a shadow imp.

Vanquished Creatures
  An ooze (D:1)
  A dart slug (D:1)
  6 bats (D:1)
  A giant cockroach (D:1)
  5 goblins (D:1)
  3 hobgoblins (D:1)
  4 jackals (D:1)
  A frilled lizard (D:2)
  4 kobolds
  4 rats (D:1)
30 creatures vanquished.

Notes
Turn   | Place    | Note
-------+----------+-------------------------------------------
     0 | D:1      | tilp the Kobold Arcane Marksman began the quest for the
                  | Orb.
     0 | D:1      | Reached XP level 1. HP: 12/12 MP: 2/2
    81 | D:1      | Reached skill level 3 in Crossbows
    81 | D:1      | Reached XP level 2. HP: 16/16 MP: 1/3
   367 | D:1      | Reached XP level 3. HP: 17/20 MP: 0/4
   763 | D:1      | Reached skill level 1 in Shields
  1036 | D:1      | Reached skill level 4 in Crossbows
  1396 | D:2      | Noticed Natasha
  1403 | D:2      | Slain by a shadow imp

Levels and vault maps discovered:
D:1:      dpeg_arrival_subterranean_lakeside_camping, layout_basic
D:2:      layout_loops_cross, chequers_temple_overflow_minitemple, first_ration,
          eino_curves_02, uniq_crazy_yiuf_cottage, uniq_natasha, uniq_robin

Skill      XL: |  1  2  3 |
---------------+----------+-----
Crossbows      | 3 4 |  4.0
Shields        | 1 |  1.1
Fighting       | |  1.1
Dodging        | |  2.4
Spellcasting   | |  1.1
Hexes          | |  3.0

Action                   || total
-------------------------++-------
Melee: Dagger            ||    49
       Club              ||    25
 Fire: Hand crossbow     ||    38
 Cast: Corona            ||    15
 Stab: Sleeping          ||     1
  Eat: Chunk             ||    10
Armor: Robe              ||    19
Dodge: Dodged            ||    63
Block: Buckler           ||    27

Table legend:
 A = Non-vault XP
 B = Vault XP
 C = Vault XP percentage of total XP
 D = Non-vault monster count
 E = Vault monster count
 F = Vault count percentage of total count
                 A         B        C        D         E       F
            +---------+---------+-------+---------+---------+-------
      Total |      47 |       8 |  14.5 |      24 |       6 |  20.0
            +---------+---------+-------+---------+---------+-------
        D:1 |      45 |       8 |  15.1 |      22 |       6 |  21.4
        D:2 |       2 |       0 |   0.0 |       2 |       0 |   0.0
            +---------+---------+-------+---------+---------+-------
